AoeStats
← THE1andoNLY3712

Arena

509582846Analyzed
1v1 RM · 5d ago on Sep 27, 2026· 38m 26s· 2 players
Game mode
Random Map
Map size
Tiny (2 player)
Population
200
Speed
Normal
Resources
Standard
Victory
Conquest
Starting age
Dark Age
Ending age
Imperial Age
RankedLock teamsTeams togetherTeam positionsShared explorationLock speedFull tech treeHidden civsTurbo modeCheats
Victory
Defeat
🇦🇺 Bengalis · Australia
1258
+15
🇺🇸 Turks · United States
1235
-15
SchlonkFl1pper
11:19 Feudal Age
15:07 Castle Age
12:59 Double-Bit Axe
12:57 Horse Collar
22:28 Wheelbarrow
22:06 Bow Saw
22:22 Heavy Plow
24:03 Hand Cart
25:18 Stone Mining
25:21 Gold Mining
28:07 Imperial Age
25:52 Scale Barding Armor
26:28 Forging
26:25 Loom
27:43 Chain Barding Armor
27:59 Iron Casting
27:38 Bloodlines
27:28 Husbandry
30:34 Plate Barding Armor
30:59 Blast Furnace
37:41 Artillery
37:03 Elite Janissary
37:50 Padded Archer Armor
37:41 Fletching
THE1andoNLY3712
9:50 Feudal Age
14:06 Castle Age
12:13 Double-Bit Axe
12:19 Horse Collar
15:54 Wheelbarrow
20:51 Stone Mining
21:03 Fletching
21:30 Gold Mining
22:32 Bodkin Arrow
23:24 Loom
23:56 Hand Cart
28:12 Imperial Age
26:33 Ballistics
26:55 Padded Archer Armor
27:09 Paiks
27:28 Bow Saw
27:57 Leather Archer Armor
27:48 Scale Barding Armor
28:50 Forging
28:47 Husbandry
28:58 Bloodlines
29:38 Gold Shaft Mining
29:36 Conscription
29:35 Elite Ratha (Ranged)
30:42 Bracer
32:35 Chain Barding Armor
32:48 Ring Archer Armor
32:39 Chain Barding Armor
32:05 Light Cavalry
33:56 Two-Man Saw
35:04 Iron Casting
Connection lost

Rejoining the realm…

Still unreachable

The connection could not be restored.

Session expired

The server has moved on; the page needs a fresh start.